 Dungeon Crawl Stone Soup version 0.27.1-34-g3ba077fa99 (webtiles) character file.

Game seed: 2602463087211388118

46 Descartes the Grasshopper (level 3, -1/27 HPs)
             Began as a Formicid Warper on Jan 16, 2022.
             Was a Follower of Ru.
             Slain by an orc priest (4 damage)
             ... on level 2 of the Dungeon.
             The game lasted 00:04:19 (3125 turns).

Descartes the Grasshopper (Formicid Warper)         Turns: 3125, Time: 00:04:20

Health: -1/27      AC:  4    Str: 16    XL:     3   Next: 92%
Magic:  6/6        EV: 11    Int: 12    God:    Ru [*.....]
Gold:   78         SH:  0    Dex: 10    Spells: 6/6 levels left

rFire    . . .     SeeInvis +   a - +0 mace
rCold    . . .     Faith    .   (no shield)
rNeg     . . .     Spirit   .   b - +0 leather armour
rPois    +         Reflect  .   (helmet unavailable)
rElec    .         Harm     .   (no cloak)
rCorr    .         Rampage  .   f - +0 pair of gloves
Will     .....                  (no boots)
Stlth    +.........             (no amulet)
HPRegen  0.09/turn              j - ring of poison resistance
MPRegen  0.10/turn              (no ring)

@: no status effects
A: permanent stasis, dig shafts and tunnels, antennae 3, missing an eye, four
strong arms
a: Dig, Shaft Self, Renounce Religion


You were on level 2 of the Dungeon.
You worshipped Ru.
Ru was aware of your devotion.
You visited 1 branch of the dungeon, and saw 3 of its levels.

You collected 78 gold pieces.

Inventory:

Hand Weapons
 a - a +0 mace (weapon)
Missiles
 c - 5 boomerangs of dispersal (quivered)
 e - 49 stones
 g - 47 poisoned darts
Armour
 b - a +0 leather armour (worn)
 f - a +0 pair of gloves (worn)
Jewellery
 j - a ring of poison resistance (left hand)
Scrolls
 i - a scroll of noise {unknown}
 l - a scroll of identify {unknown}
 m - 3 scrolls of blinking {unknown}
 n - a scroll of acquirement {unknown}
 o - a scroll of holy word {unknown}
 p - a scroll of teleportation {unknown}
 q - a scroll of silence {unknown}
Potions
 d - 2 potions of mutation {unknown}
 h - 3 potions of heal wounds {unknown}
 k - a potion of invisibility {unknown}


   Skills:
 - Level 2.1 Fighting
 - Level 2.0 Maces & Flails
 - Level 1.0 Throwing
 + Level 2.7 Armour
 - Level 1.7 Dodging
 - Level 2.1 Spellcasting
 + Level 3.4 Translocations


You had 6 spell levels left.
You didn't know any spells.
Your spell library contained the following spells:

 Spells                   Type           Power      Damage    Failure   Level
 Gell's Gravitas          Tloc           4%         N/A       22%         3
 Lesser Beckoning         Tloc           4%         N/A       22%         3
 Teleport Other           Tloc           9%         N/A       22%         3
 Manifold Assault         Tloc           9%         N/A       91%         5
 Blink                    Tloc           Unusable   N/A       N/A         2

Dungeon Overview and Level Annotations

Branches:
Dungeon (3/15)

Altars:
Cheibriados
Ru


Innate Abilities, Weirdness & Mutations

You cannot be hasted, slowed, berserked, paralysed or teleported.
You can dig through walls and to a lower floor.
You have a pair of large antennae on your head. (SInv)
You are missing an eye, making it more difficult to aim.
Your four strong arms can wield two-handed weapons with a shield.


Message History

You are too injured to fight recklessly!
You are too injured to fight recklessly!
You are too injured to fight recklessly!
You are too injured to fight recklessly!
You are too injured to fight recklessly!
You are too injured to fight recklessly!
You are too injured to fight recklessly!
You are too injured to fight recklessly!
You are too injured to fight recklessly!
You are too injured to fight recklessly!
You are too injured to fight recklessly!
You are too injured to fight recklessly!
You are too injured to fight recklessly!
You are too injured to fight recklessly!
You barely miss the orc priest.
The orc priest is heavily wounded.
The orc priest hits you with a +0 club. The orc priest barely misses you.
You closely miss the orc priest.
The orc priest is heavily wounded.
The orc priest hits you with a +0 club.
* * * LOW HITPOINT WARNING * * *
You closely miss the orc priest.
The orc priest is heavily wounded.
You redirect the orc priest's attack!
The orc priest mumbles some strange prayers to Beogh against itself.
The orc priest writhes in agony.
You closely miss the orc priest.
The orc priest is almost dead.
The orc priest hits you with a +0 club.
* * * LOW HITPOINT WARNING * * *
You redirect the orc priest's attack!
The orc priest hits you with a +0 club.
* * * LOW HITPOINT WARNING * * *
You closely miss the orc priest.
The orc priest is almost dead.
The orc priest barely misses you.
You miss the orc priest.
The orc priest is severely wounded.
The orc priest hits you with a +0 club.
You die...

#.########.#.......
#.#......#.#.######
#.#.#.#..#.#.#
#)#.#.#..#.#.######
#..................
#........#.#.######
#...#..#.#.#.#
#..o#....#.#.######
#.@................
##'#....<.....######
#.........####......
#...................
#...................
#########......#####
#......# #......#
#......#


You could see an orc priest.

Vanquished Creatures
  3 dart slugs
  4 endoplasms
  A giant cockroach (D:2)
  2 goblins
  4 hobgoblins
  4 jackals (D:1)
  7 ball pythons
  2 bats
  2 frilled lizards
  6 kobolds
  6 rats
  A bush (D:1)
42 creatures vanquished.

Vanquished Creatures (others)
  2 plants (D:1)
2 creatures vanquished.

Grand Total: 44 creatures vanquished

Notes
Turn   | Place    | Note
-------+----------+-------------------------------------------
     0 | D:1      | Descartes the Formicid Warper began the quest for the Orb.
     0 | D:1      | Reached XP level 1. HP: 16/16 MP: 3/3
   292 | D:1      | Found a faded altar of an unknown god.
   325 | D:1      | Became a worshipper of Ru the Awakened
   337 | D:1      | Gained mutation: You are missing an eye, making it more
                  | difficult to aim. [Ru sacrifice]
   337 | D:1      | Reached * piety under Ru
   420 | D:1      | Reached XP level 2. HP: 22/22 MP: 5/5
   583 | D:1      | Reached skill level 3 in Translocations
  1176 | D:1      | Reached XP level 3. HP: 27/27 MP: 6/6
  2459 | D:2      | Found a snail-covered altar of Cheibriados.
  3125 | D:2      | Slain by an orc priest

Illustrated notes

Levels and vault maps discovered:
D:1:      amcnicky_arrival_underground_garden, layout_rooms, serial_forest,
          infiniplex_forest_corner_1, infiniplex_forest_clump_long,
          infiniplex_forest_clump_long, infiniplex_forest_lined_3,
          infiniplex_forest_lined_room_, infiniplex_forest_clump_long,
          infiniplex_forest_lined_room_2,
          dreamdust_ecumenical_altar_angels_and_demons, st_stairs_12,
          chequers_serial_rivers_micro_a, minmay_pentomino_u2
D:2:      layout_basic, basic_altar, dk_noncrumbling_4, minivault_25
D:3:      layout_rooms, minmay_misc_feat_chi, uniq_natasha, uniq_sigmund

Skill      XL: |  1  2 |
---------------+-------+-----
Translocations | 3 |  3.4
Armour         | 2 |  2.7
Fighting       | |  2.1
Maces & Flails | |  2.0
Throwing       | |  1.0
Dodging        | |  1.7
Spellcasting   | |  2.1

Action                   || total
-------------------------++-------
Melee: Mace              ||   377
Invok: Sacrifice an Eye  ||     1
 Abil: Dig               ||     1
 Stab: Sleeping          ||     1
Armor: Leather armour    ||    79
Dodge: Dodged            ||   150
